 Dungeon Crawl Stone Soup version 0.25-a0-110-ge29c8f2358 (webtiles) character file.

Game seed: 4953487332859856614, levelgen mode: deterministic

470329 Infinitesimal the Executioner (level 25, -3/217 HPs)
             Began as a Formicid Fighter on Nov 19, 2019.
             Was the Champion of Cheibriados.
             Slain by a vault guard
             ... wielding a +0 halberd
              (14 damage)
             ... on level 5 of the Vaults.
             The game lasted 02:56:12 (49279 turns).

Infinitesimal the Executioner (Formicid Fighter)   Turns: 49279, Time: 02:56:13

Health: -3/217     AC: 45    Str: 53    XL:     25   Next: 89%
Magic:  21/33      EV:  5    Int: 27    God:    Cheibriados [******]
Gold:   649        SH: 35    Dex: 26    Spells: 22/32 levels left

rFire    . . .     SeeInvis +   v - +3 battleaxe (vamp)
rCold    + . .     Gourm    .   u - +0 large shield
rNeg     + . .     Faith    .   L - +8 orange crystal plate armour {Archmagi, Int+3 Clar}
rPois    +         Spirit   .   (helmet unavailable)
rElec    +         Reflect  +   K - +2 ratskin cloak {+Rats rPois rN+ Str-1 Int-1 Dex+1}
rCorr    .         Harm     .   A - +2 pair of gloves {archery}
MR       +....     Clarity  +   y - +1 pair of boots
Stlth    ..........             c - brooch of Shielding {Reflect SH+8}
HPRegen  0.46/turn              S - ring "Mueshol" {MR+ Str+6}
MPRegen  0.23/turn              X - ring "Wietaq" {-Tele rElec rPois rC+ Slay+3}

@: lethally poisoned (-3 -> -4), vulnerable, marked, constricted, studying
Dodging, lightly drained, very slow
A: permanent stasis, dig shafts and tunnels, four strong arms, antennae 3, slimy
green scales 1, clarity, electricity resistance, strong 1, evolution 1
}: 2/15 runes: serpentine, barnacled
a: Dig, Shaft Self, Bend Time, Temporal Distortion, Slouch, Step From Time,
Renounce Religion, Evoke Ratskin


You were on level 5 of the Vaults.
You worshipped Cheibriados.
Cheibriados was exalted by your worship.
You were not hungry.

You visited 8 branches of the dungeon, and saw 42 of its levels.
You visited 1 bazaar.
You also visited: Ice Cave.

You collected 4473 gold pieces.
You spent 3824 gold pieces at shops.

Inventory:

Hand Weapons
 a - a +9 battleaxe of freezing
 b - a +9 executioner's axe of electrocution
 v - a +3 vampiric battleaxe (weapon)
Missiles
 x - 38 boomerangs
 C - 43 silver javelins (quivered)
 N - 9 throwing nets
 P - 6 curare-tipped darts
Armour
 u - a +0 large shield (worn)
 y - a +1 pair of boots (worn)
 A - a +2 pair of gloves of archery (worn)
 K - the +2 ratskin cloak (worn) {+Rats rPois rN+ Str-1 Int-1 Dex+1}
   (You found it on level 3 of the Elven Halls)

   It affects your strength (-1).
   It affects your intelligence (-1).
   It affects your dexterity (+1).
   It protects you from poison.
   It protects you from negative energy.
 L - the +8 orange crystal plate armour (worn) {Archmagi, Int+3 Clar}
   (You took it off a merfolk on level 4 of the Shoals)

   It affects your intelligence (+3).
   It protects you against confusion.
Jewellery
 c - the brooch of Shielding (around neck) {Reflect SH+8}
   (You bought it in a shop on level 1 of the Elven Halls)

   [amulet of reflection]

   It shields you and reflects attacks.
   It affects your SH (+8).
 d - an uncursed ring of protection from cold
 h - the amulet of Usuufiwk {+Blink MR+ Regen+ Dex-2}
   (You found it on level 3 of the Crypt)

   [amulet of regeneration]

   It affects your dexterity (-2).
   It affects your resistance to hostile enchantments.
   It lets you blink.
   It increases your rate of regeneration.
 k - an uncursed ring of resist corrosion
 p - the ring "Rusox" {rF+ rN+ Int+3}
   (You found it on level 3 of the Crypt)

   [ring of positive energy]

   It affects your intelligence (+3).
   It protects you from fire.
   It protects you from negative energy.
 S - the ring "Mueshol" (left hand) {MR+ Str+6}
   (You found it on level 11 of the Dungeon)

   [ring of protection from magic]

   It affects your strength (+6).
   It affects your resistance to hostile enchantments.
 V - the ring of Democracy {Fire rElec rN+ Str-3 Int+4}
   (You found it on level 3 of the Elven Halls)

   [ring of fire]

   It enhances your fire magic.
   It affects your strength (-3).
   It affects your intelligence (+4).
   It protects you from fire.
   It makes you vulnerable to cold.
   It insulates you from electricity.
   It protects you from negative energy.
 X - the ring "Wietaq" (right hand) {-Tele rElec rPois rC+ Slay+3}
   (You found it on level 14 of the Dungeon)

   [ring of protection from cold]

   It affects your accuracy and damage with ranged weapons and melee attacks
   (+3).
   It protects you from cold.
   It insulates you from electricity.
   It protects you from poison.
   It prevents most forms of teleportation.
Wands
 s - a wand of acid (5)
 D - a wand of digging (7)
 R - a wand of paralysis (23)
 W - a wand of clouds (3)
Scrolls
 e - 8 scrolls of fog
 l - 3 scrolls of silence
 m - 9 scrolls of magic mapping
 n - 4 scrolls of holy word
 r - 8 scrolls of enchant armour
 t - 17 scrolls of remove curse
 E - 2 scrolls of identify
Potions
 i - 12 potions of curing
 j - 3 potions of invisibility
 o - 10 potions of brilliance
 q - 4 potions of agility
 w - 7 potions of lignification
 z - 3 potions of heal wounds
 B - 8 potions of might
 F - 4 potions of ambrosia
 G - a potion of magic
 J - 2 potions of mutation
 M - 2 potions of resistance
 Q - 5 potions of flight
 Y - 5 potions of cancellation
Books
 I - a manual of Dodging
Miscellaneous
 g - a lightning rod (4/4)
 T - a phantom mirror
 U - a lamp of fire
 Z - 2 boxes of beasts
Comestibles
 f - 80 rations


   Skills:
 + Level 22.0(21.8) Fighting
 + Level 24.6(24.4) Axes
   Level 1.2(16.8) Polearms
 - Level 8.5(8.4) Throwing
 + Level 18.2(18.1) Armour
 - Level 15.0(14.8) Shields
 - Level 4.4(4.3) Spellcasting
 - Level 4.1(4.0) Conjurations
 - Level 4.2(4.1) Fire Magic
 - Level 14.0(13.9) Invocations
 + Level 0.5(0.4) Evocations


You had 22 spell levels left.
You knew the following spells:

 Your Spells              Type           Power        Failure   Level  Hunger
a - Conjure Flame         Conj/Fire      #####...     19%         3    ##.....
b - Regeneration          Chrm/Necr      #.........   69%         3    ##.....
c - Passage of Golubria   Tloc           N/A          97%         4    ####...

Your spell library contained the following spells:

 Spells                   Type           Power        Failure   Level  Hunger
 Flame Tongue             Conj/Fire      #####        6%          1    None
 Magic Dart               Conj           ####         6%          1    None
 Searing Ray              Conj           #####.       10%         2    None
 Sting                    Conj/Pois      ####         14%         1    None
 Animate Skeleton         Necr           N/A          32%         1    None
 Apportation              Tloc           #.....       32%         1    None
 Confusing Touch          Hex            #.....       32%         1    None
 Corona                   Hex            #......      32%         1    None
 Pain                     Necr           #...         32%         1    None
 Summon Butterflies       Summ           #.......     32%         1    None
 Summon Small Mammal      Summ           #...         32%         1    None
 Dazzling Spray           Conj/Hex       ####..       41%         3    ##.....
 Inner Flame              Hex/Fire       ####....     41%         3    ##.....
 Call Imp                 Summ           #.......     45%         2    None
 Ensorcelled Hibernation  Hex/Ice        #.....       45%         2    None
 Passwall                 Tmut/Erth      #.......     45%         2    None
 Poisonous Vapours        Pois/Air       #.....       45%         2    None
 Slow                     Hex            #.......     45%         2    None
 Swiftness                Chrm/Air       #.......     45%         2    None
 Ignite Poison            Fire/Tmut/Pois ###.....     50%         3    ##.....
 Mephitic Cloud           Conj/Pois/Air  ###.....     50%         3    ##.....
 Iskenderun's Mystic Bla  Conj           #####...     54%         4    ####...
 Call Canine Familiar     Summ           #.......     69%         3    ##.....
 Confuse                  Hex            #.......     69%         3    ##.....
 Gell's Gravitas          Tloc           #.........   69%         3    ##.....
 Portal Projectile        Hex/Tloc       #.....       69%         3    ##.....
 Recall                   Summ/Tloc      N/A          69%         3    ##.....
 Spectral Weapon          Hex/Chrm       #.......     69%         3    ##.....
 Spider Form              Tmut/Pois      #.........   69%         3    ##.....
 Summon Guardian Golem    Hex/Summ       #.......     69%         3    ##.....
 Tukima's Dance           Hex            #.......     69%         3    ##.....
 Vampiric Draining        Necr           #.........   69%         3    ##.....
 Force Lance              Conj/Tloc      ####....     82%         4    ####...
 Fulminant Prism          Conj/Hex       ####......   82%         4    ####...
 Fireball                 Conj/Fire      #####.....   86%         5    #####..
 Animate Dead             Necr           N/A          97%         4    ####...
 Cause Fear               Hex            #.........   97%         4    ####...
 Leda's Liquefaction      Hex/Erth       #.........   97%         4    ####...
 Petrify                  Tmut/Erth      #.......     97%         4    ####...
 Summon Ice Beast         Ice/Summ       #.......     97%         4    ####...
 Summon Lightning Spire   Summ/Air       #.......     97%         4    ####...
 Borgnjor's Vile Clutch   Necr/Erth      #.........   100%        5    #####..
 Lee's Rapid Deconstruct  Erth           #.........   100%        5    #####..
 Metabolic Englaciation   Hex/Ice        #.........   100%        5    #####..
 Silence                  Hex/Air        #.........   100%        5    #####..
 Summon Mana Viper        Hex/Summ       #.......     100%        5    #####..
 Yara's Violent Unravell  Hex/Tmut       #.........   100%        5    #####..
 Bolt of Fire             Conj/Fire      #####.....   100%        6    #######
 Darkness                 Hex            #.........   100%        6    #######
 Death Channel            Necr           #.........   100%        6    #######
 Freezing Cloud           Conj/Ice/Air   ###.......   100%        6    #######
 Invisibility             Hex            #.......     100%        6    #######
 Shadow Creatures         Summ           N/A          100%        6    #######
 Simulacrum               Ice/Necr       #.........   100%        6    #######
 Dragon Form              Tmut           #.........   100%        7    #######
 Ring of Flames           Chrm/Fire      ####......   100%        7    #######
 Summon Hydra             Summ           #.........   100%        7    #######
 Ignition                 Fire           #####.....   100%        8    #######
 Dragon's Call            Summ           #.........   100%        9    #######
 Blink                    Tloc           Unusable     N/A         2    N/A

Dungeon Overview and Level Annotations

Branches:
Dungeon (15/15)            Temple (0/1) D:4            Lair (6/6) D:11
 Shoals (4/4) Lair:4        Snake (4/4) Lair:4        Slime (0/5) Lair:6
    Orc (2/2) D:12            Elf (3/3) Orc:2        Vaults (5/5) D:14
  Crypt (3/3) Vaults:3       Tomb (0/3) Crypt:3      Depths (0/5) D:15
  IceCv (visited)

Altars:
Ashenzari
Cheibriados
Gozag
Kikubaaqudgha
Makhleb
Nemelex Xobeh
Trog
Uskayaw
Xom
Yredelemnul
Zin
Beogh
Jiyva

Shops:
D:5 =   D:6 [   D:8 *   D:9 (   D:13 *   Orc:2 (*[=   Elf:1 :=   Elf:2 [*
Shoals:1 [   Shoals:2 *

Portals:
Abyss: Crypt:3

Annotations:
D:10 exclusion: downstairs
D:12 exclusion: 2 downstairs
Lair:4 exclusion: downstairs
Lair:5 Nessos
Snake:3 exclusion: 2 downstairs


Innate Abilities, Weirdness & Mutations

You cannot be hasted, slowed, berserked, paralysed or teleported.
You can dig through walls and to a lower floor.
Your four strong arms can wield two-handed weapons with a shield.
You have a pair of large antennae on your head. (SInv)
You are partially covered in slimy green scales. (AC +2)
You possess an exceptional clarity of mind.
You are resistant to electric shocks. (rElec)
Your muscles are strong. (Str +2)
You evolve.


Message History

The tentacled monstrosity tentacle-slaps you but does no damage. x3
The tentacled monstrosity constricts you.
The deep elf death mage beckons forth a restless soul!
You block the ironheart preserver's attack.
You block the red very ugly thing's attack.
The deep elf high priest mumbles some strange prayers to its god against you.
Something smites you!
* * * LOW HITPOINT WARNING * * *
A yaktaur comes into view.
The vault guard hits you but does no damage.
You block the lich's attack. The lich barely misses you.
You block the vault guard's attack.
The deep elf mage gestures wildly while chanting.
The large abomination hits you but does no damage.
A rime drake comes into view.
An ironheart preserver comes into view. It is wielding a +0 great mace.
A deep elf high priest comes into view. It is wielding a +0 short sword.
The vault guard hits you but does no damage.
The vault guard hits you from afar with a +0 halberd!
You die...

...e #....#
....# #....# .
.p.W##....#☼(#
#e*u#....#e.(


#WDHecOe.Exp #####DppOeOpE## .).*exuXLTec... .$.cpCp@LpWs..( ...*xepuXppp...
c).*pexWppDco.. #####c9oCxsC... ecxe4osc.)# ...#rs..O.#k ...##.....#O# G..#
#....#.#. You could see 2 shadow dragons, a tentacled monstrosity, 3 ironheart
preservers, 2 titans, a golden dragon, 3 very ugly things, a sphinx, a stone
giant, 5 vault wardens, 2 liches, 3 yaktaur captains, 5 vault guards, an orc
knight, 4 deep elf death magi, 2 demonic crawlers, a shining eye shaped shifter,
3 two-headed ogres, a deep troll, a shadow wraith (invisible), a war gargoyle, a
deep elf archer, a deep elf knight, 3 deep elf high priests, a large
abomination, 2 ironbrand convokers, 5 yaktaurs, 2 freezing wraiths, 3 deep elf
magi, a hungry ghost, a rime drake, 2 fire elementals, a chaos spawn, a
tarantella, an orc warrior, a redback, 2 ogres, 3 small abominations, 4 lost
souls, a hell rat, an orc and 3 crawling corpses.

Vanquished Creatures
  Mara (Vaults:3)
  3 ancient liches
  Bai Suzhen (Vaults:3)
  Saint Roka (Crypt:1)
  Xtahua (Vaults:4)
  Margery (Crypt:2)
  A curse toe (Crypt:3)
  A golden dragon (Vaults:5)
  A bone dragon (Crypt:3)
  A tentacled monstrosity (Vaults:5)
  4 liches
  A deep elf blademaster (Elf:3)
  Asterion (Vaults:1)
  2 deep elf master archers (Elf:3)
  The ghost of bmj180 the Severer, an adept HOFi of Kikubaaqudgha (Elf:2)
  Kirke (Snake:2)
  A sphinx (Crypt:3)
  8 ancient champions
  Agnes (Vaults:1)
  Frances (Elf:1)
  4 revenants
  Donald (Vaults:1)
  3 storm dragons (Vaults:5)
  A tengu reaver (Vaults:1)
  4 nagarajas
  A shadow dragon (Vaults:5)
  3 fire giants
  Ilsuiw (Shoals:4)
  2 frost giants (Vaults:3)
  Aizul (Shoals:3)
  6 deep elf sorcerers
  15 vault wardens
  6 deep elf elementalists (Elf:3)
  An orc warlord (Orc:2)
  9 ghouls
  16 ironheart preservers
  6 stone giants
  A very ugly thing (Vaults:5)
  A spriggan defender (Vaults:1)
  A war gargoyle (Vaults:5)
  8 vampire knights (Crypt:1)
  The ghost of Zuruo the Grappler, a journeyman TrHu of Trog (Lair:2)
  3 deep elf demonologists
  3 merfolk javelineers (Shoals:4)
  9 deep elf annihilators
  5 ettins
  5 eidola
  5 merfolk impalers
  9 deep elf death magi
  5 fire dragons
  5 yaktaur captains
  3 great orbs of eyes
  An ice dragon (Vaults:3)
  5 deep elf high priests
  31 vault guards
  A rakshasa (D:13)
  22 naga warriors
  2 merfolk avatars (Shoals:1)
  7 centaur warriors
  2 catoblepae
  An alligator snapping turtle (Shoals:1)
  11 hydras
  6 anacondas
  7 ogre magi
  3 merfolk aquamancers (Shoals:4)
  4 death knights
  4 satyrs
  4 death yaks
  38 dancing weapons
  2 deep troll shamans (Vaults:1)
  Urug (D:10)
  25 two-headed ogres
  2 soul eaters (Crypt:1)
  An orc high priest (Orc:2)
  The ghost of forest the Covert, a journeyman SpAs of Dithmenos (D:11)
  8 vampire magi
  16 naga sharpshooters
  A spriggan (Lair:6)
  9 shock serpents
  28 deep elf knights
  A storm dragon zombie (Crypt:2)
  2 shadow wraiths
  29 skeletal warriors
  A storm dragon skeleton (Crypt:2)
  5 hell knights (Crypt:2)
  A salamander mystic (Snake:3)
  A deep troll (Vaults:1)
  A golden dragon zombie (D:15)
  2 small abominations (Vaults:5)
  21 sea snakes
  An anaconda zombie (Crypt:1)
  3 flayed ghosts
  4 large abominations (Vaults:5)
  2 unseen horrors
  An obsidian statue (Elf:2)
  12 ironbrand convokers
  10 naga ritualists
  13 deep elf archers
  3 wizards
  4 phantasmal warriors
  12 harpies
  8 orc knights
  6 necromancers
  3 orc sorcerers
  8 mana vipers
  13 fauns
  6 cyclopes
  60 deep elf magi
  3 wolf spiders
  34 ugly things
  9 salamanders
  8 manticores
  4 elephants (Lair:5)
  A manticore (shapeshifter) (Elf:2)
  A sphinx skeleton (Crypt:2)
  A frost giant zombie (D:15)
  9 slime creatures
  A centaur zombie (D:15)
  An elephant (shapeshifter) (Vaults:5)
  A dire elephant zombie (Crypt:2)
  9 merfolk sirens
  A frost giant skeleton (D:15)
  2 iron dragon skeletons
  Joseph (Lair:1)
  12 vault sentinels
  4 guardian serpents
  26 black mambas
  A gargoyle (D:10)
  26 naga magi
  5 water nymphs
  A shock serpent zombie (Crypt:2)
  A torpor snail (Lair:5)
  3 ice statues (IceCv)
  A spiny frog (shapeshifter) (Vaults:1)
  3 centaur skeletons
  3 guardian serpents (shapeshifter)
  A spriggan skeleton (D:15)
  3 rime drakes
  A kobold demonologist (D:15)
  10 freezing wraiths
  6 komodo dragons
  21 spiny frogs
  A purple draconian skeleton (Crypt:3)
  16 yaktaurs
  6 tengu conjurers
  6 trolls
  5 guardian mummies
  3 meliai (D:13)
  A hydra zombie (Crypt:3)
  4 tyrant leeches (Lair:6)
  3 wind drakes
  A sea snake skeleton (Crypt:1)
  4 polar bears
  3 hornets
  24 merfolk
  11 hippogriffs
  2 bog bodies (Crypt:3)
  23 blink frogs
  An ettin zombie (Crypt:2)
  A blink frog (shapeshifter) (Elf:2)
  14 snapping turtles
  A snapping turtle (shapeshifter) (Vaults:2)
  3 dream sheep
  A guardian serpent zombie (Crypt:2)
  Sigmund (D:6)
  A fire giant simulacrum (Vaults:1)
  A stone giant simulacrum (Crypt:2)
  6 flying skulls
  2 black mamba zombies
  5 air elementals
  A spriggan (shapeshifter) (Vaults:3)
  2 wraiths
  2 shadows
  3 basilisks
  A vampire (Crypt:1)
  61 yaks
  5 hogs (Snake:2)
  13 water elementals
  5 wyverns
  Grum (Lair:1)
  7 fire elementals
  A hungry ghost (D:8)
  A glowing shapeshifter zombie (Crypt:3)
  3 swamp worms (D:11)
  Menkaure (D:6)
  A deep troll zombie (Crypt:1)
  14 vampire mosquitoes
  A torturous demonspawn zombie (Crypt:2)
  3 wargs
  58 nagas
  2 acid dragons
  32 water moccasins
  A spiny frog zombie (Crypt:2)
  3 black bears
  11 ice beasts
  A hornet zombie (D:15)
  A manticore zombie (Crypt:1)
  13 porcupines
  31 orc warriors
  4 sky beasts
  2 eyes of draining (D:11)
  19 ogres
  A boggart (shapeshifter) (Vaults:1)
  2 phantoms
  4 boggarts (D:14)
  41 wolves
  4 necrophages
  10 centaurs
  12 crocodiles
  4 big kobolds (D:12)
  A salamander zombie (Crypt:1)
  40 bullfrogs
  An earth elemental (Elf:3)
  A gnoll sergeant (D:12)
  A wyvern skeleton (D:14)
  5 scorpions
  A troll zombie (Crypt:3)
  A spriggan zombie (Crypt:3)
  11 killer bees
  3 howler monkeys
  12 wights
  7 electric eels
  5 crimson imps
  A bullfrog zombie (D:13)
  2 quasits
  8 hounds
  4 jellies
  15 orc priests
  A gnoll shaman (D:6)
  Crazy Yiuf (D:4)
  23 orc wizards
  A bullfrog skeleton (D:13)
  A human zombie (Crypt:2)
  A demonspawn skeleton (Crypt:2)
  Ijyb (D:3)
  3 iguanas
  9 worker ants
  A killer bee zombie (D:6)
  4 polar bear simulacra (Lair:2)
  A yak simulacrum (Lair:2)
  4 wolf simulacra (Lair:2)
  A tengu zombie (Crypt:2)
  An acid dragon skeleton (Crypt:1)
  A hound zombie (D:10)
  2 hound skeletons
  26 adders
  9 gnolls
  A scorpion zombie (Crypt:2)
  A shadow imp (D:15)
  2 worm zombies
  2 adder skeletons
  A halfling skeleton (Crypt:3)
  2 worms
  3 dart slugs
  7 leopard geckos
  74 orcs
  A ball python (D:1)
  2 giant cockroaches
  6 goblins
  4 hobgoblins
  3 kobolds
  10 quokkas
  A ball python zombie (Crypt:3)
  8 bats
  6 frilled lizards
  A goblin zombie (Crypt:3)
  A jackal skeleton (D:5)
  A jackal zombie (D:5)
  7 rats
  2 river rat simulacra (Lair:2)
  7 crawling corpses
  3 fungi
  19 plants
1784 creatures vanquished.

Vanquished Creatures (others)
  2 deep elf master archers (Elf:3)
  A stone giant (Vaults:4)
  2 centaur warriors
  3 satyrs
  A deep elf knight (Vaults:4)
  A deep elf archer (Elf:2)
  2 deep elf magi
  3 fauns
  A manticore (Shoals:1)
  A cyclops (Shoals:3)
  2 yaktaurs
  A merfolk (Shoals:2)
  2 air elementals (Elf:1)
  2 water elementals
  7 centaurs
  43 fungi
  98 plants
  A withered plant (D:15)
173 creatures vanquished.

Grand Total: 1957 creatures vanquished

Notes
Turn   | Place    | Note
-------+----------+-------------------------------------------
     0 | D:1      | Infinitesimal the Formicid Fighter began the quest for the
                  | Orb.
     0 | D:1      | Reached XP level 1. HP: 18/18 MP: 1/1
   105 | D:1      | Reached XP level 2. HP: 16/24 MP: 2/2
   554 | D:1      | Reached XP level 3. HP: 29/29 MP: 3/3
  1410 | D:2      | Reached XP level 4. HP: 37/37 MP: 4/4
  1411 | D:2      | Found a snail-covered altar of Cheibriados.
  1605 | D:2      | Became a worshipper of Cheibriados the Contemplative
  1786 | D:3      | Noticed Ijyb
  1796 | D:3      | Reached skill level 3 in Axes
  1814 | D:3      | Killed Ijyb
  1814 | D:3      | Reached XP level 5. HP: 35/42 MP: 5/5
  2596 | D:4      | Found a shattered altar of Ashenzari.
  2602 | D:4      | Reached * piety under Cheibriados
  2633 | D:4      | Reached XP level 6. HP: 30/48 MP: 6/6
  2754 | D:4      | Found a bloodstained altar of Trog.
  2760 | D:4      | Reached skill level 4 in Axes
  2760 | D:4      | Reached skill level 1 in Invocations
  2834 | D:4      | Found a staircase to the Ecumenical Temple.
  2874 | D:4      | Found a glowing silver altar of Zin.
  2925 | D:4      | Found a runed translucent door.
  2926 | D:4      | Noticed Crazy Yiuf
  3372 | D:4      | Noticed a phantom
  3450 | D:4      | Killed a phantom
  3625 | D:4      | Killed Crazy Yiuf
  3698 | D:5      | Entered Level 5 of the Dungeon
  3844 | D:5      | Reached XP level 7. HP: 48/54 MP: 8/8
  3937 | D:5      | Found Ywaniron's Jewellery Boutique.
  4087 | D:5      | Found a hide-covered altar of Uskayaw.
  4864 | D:6      | Reached skill level 5 in Axes
  4873 | D:6      | Reached skill level 5 in Armour
  5108 | D:6      | Noticed Sigmund
  5120 | D:6      | Killed Sigmund
  5120 | D:6      | Reached XP level 8. HP: 53/61 MP: 10/10
  5154 | D:6      | Found a shimmering altar of Xom.
  5162 | D:6      | Found a burning altar of Makhleb.
  5287 | D:6      | Reached skill level 6 in Axes
  5287 | D:6      | Reached skill level 1 in Throwing
  5351 | D:6      | Found Celuguh's Antique Armour Emporium.
  5363 | D:6      | Reached ** piety under Cheibriados
  5425 | D:6      | Bought a pair of runed gloves for 150 gold pieces
  5568 | D:6      | Noticed Menkaure
  5577 | D:6      | Killed Menkaure
  5580 | D:6      | Reached skill level 5 in Fighting
  5580 | D:6      | Reached skill level 7 in Axes
  5669 | D:6      | Reached XP level 9. HP: 68/68 MP: 11/11
  6242 | D:7      | Got a crude halberd
  6243 | D:7      | Identified the +6 halberd of Cohooceto {venom, +Rage SInv}
                  | (You found it on level 7 of the Dungeon)
  6271 | D:7      | Found a sparkling altar of Nemelex Xobeh.
  6314 | D:7      | Reached skill level 8 in Axes
  6440 | D:7      | Found an opulent altar of Gozag.
  6523 | D:7      | Reached skill level 5 in Shields
  6823 | D:8      | Reached *** piety under Cheibriados
  6896 | D:8      | Found Ulacerpharu's Assorted Antiques.
  7459 | D:9      | Reached skill level 9 in Axes
  7572 | D:9      | Reached XP level 10. HP: 53/76 MP: 13/13
  7904 | D:9      | Reached skill level 5 in Invocations
  8075 | D:9      | Reached **** piety under Cheibriados
  8289 | D:9      | Found Saps's Antique Weapon Shop.
  8618 | D:10     | Entered Level 10 of the Dungeon
  8827 | D:10     | Reached skill level 10 in Axes
  9171 | D:10     | Learned a level 3 spell: Conjure Flame
  9190 | D:10     | Noticed Urug
  9203 | D:10     | Killed Urug
  9483 | D:10     | Found a snail-covered altar of Cheibriados.
  9483 | D:10     | Noticed a gargoyle
  9492 | D:10     | Reached XP level 11. HP: 83/83 MP: 15/15
  9493 | D:10     | Reached ***** piety under Cheibriados
  9794 | D:11     | Noticed a two-headed ogre
  9839 | D:11     | Killed a two-headed ogre
 10070 | D:11     | Reached skill level 11 in Axes
 10071 | D:11     | Noticed a two-headed ogre
 10080 | D:11     | Killed a two-headed ogre
 10221 | D:11     | Noticed a cyclops
 10237 | D:11     | Killed a cyclops
 10396 | D:11     | Found a staircase to the Lair.
 11118 | D:11     | Found a large runed translucent door.
 11119 | D:11     | Found a large runed translucent door.
 11120 | D:11     | Noticed forest's ghost (journeyman SpAs)
 11144 | D:11     | Killed forest's ghost
 11144 | D:11     | Reached XP level 12. HP: 90/91 MP: 18/18
 11151 | D:11     | Got a slimy iron ring
 11183 | D:11     | Noticed an unseen horror
 11185 | D:11     | Killed an unseen horror
 11441 | D:6      | Bought a pair of embroidered gloves for 150 gold pieces
 11987 | D:12     | Reached skill level 12 in Axes
 11998 | D:12     | Identified the ring "Mueshol" {MR+ Str+6} (You found it on
                  | level 11 of the Dungeon)
 12341 | D:12     | Found a staircase to the Orcish Mines.
 12344 | D:12     | Reached ****** piety under Cheibriados
 12852 | D:13     | Found Zeariy's Assorted Antiques.
 13660 | D:13     | Noticed a rakshasa
 13668 | D:13     | Killed a rakshasa
 13668 | D:13     | Reached skill level 13 in Axes
 13905 | D:13     | Noticed a death knight
 13917 | D:13     | Killed a death knight
 14038 | D:13     | Reached skill level 10 in Armour
 14038 | D:13     | Reached XP level 13. HP: 77/99 MP: 19/19
 15015 | Lair:1   | Entered Level 1 of the Lair of Beasts
 15081 | Lair:1   | Noticed Joseph
 15088 | Lair:1   | Killed Joseph
 15140 | Lair:1   | You fall into a shaft and drop 1 floor!
 15147 | Lair:2   | Reached skill level 14 in Axes
 15263 | Lair:1   | You fall into a shaft and drop 1 floor!
 15830 | Lair:1   | Noticed Grum
 15848 | Lair:1   | Killed Grum
 16961 | Lair:2   | Got a dazzling ring mail
 16962 | Lair:2   | Identified the +5 ring mail of Zecrudul {Dex+5 SInv Stlth-}
                  | (You found it on level 2 of the Lair of Beasts)
 17213 | Lair:2   | Found a runed translucent door.
 17218 | Lair:2   | Noticed Zuruo's ghost (journeyman TrHu)
 17384 | Lair:2   | Reached skill level 5 in Throwing
 17706 | Lair:2   | Killed Zuruo's ghost
 17706 | Lair:2   | Reached skill level 1 in Spellcasting
 17706 | Lair:2   | Reached skill level 1 in Conjurations
 17706 | Lair:2   | Reached skill level 1 in Fire Magic
 17826 | Lair:3   | Found a frozen archway.
 17842 | IceCv    | Entered an ice cave
 17854 | IceCv    | Reached XP level 14. HP: 109/109 MP: 20/20
 18149 | Lair:3   | Reached skill level 15 in Axes
 18343 | Lair:3   | Reached skill level 10 in Fighting
 18654 | Lair:3   | Found an ancient bone altar of Kikubaaqudgha.
 18759 | Lair:3   | You fall into a shaft and drop 1 floor!
 18857 | Lair:4   | You fall into a shaft and drop 1 floor!
 19706 | Lair:4   | Found a staircase to the Shoals.
 20098 | Lair:4   | Found a staircase to the Snake Pit.
 20351 | Lair:5   | Noticed Nessos
 20970 | Lair:5   | Reached XP level 15. HP: 117/117 MP: 21/21
 20989 | Lair:5   | Reached skill level 1 in Polearms
 21313 | Lair:6   | Entered Level 6 of the Lair of Beasts
 21537 | Lair:6   | Found a staircase to the Slime Pits.
 21537 | Lair:6   | Found a viscous altar of Jiyva.
 21714 | Lair:6   | Reached skill level 16 in Axes
 22664 | Lair:6   | Identified Ocewa's Disquisition on Noxious Bewitchment
 22969 | Lair:6   | Learned a level 3 spell: Regeneration
 22974 | Lair:6   | Learned a level 4 spell: Passage of Golubria
 23369 | Orc:1    | Entered Level 1 of the Orcish Mines
 23508 | Orc:2    | Entered Level 2 of the Orcish Mines
 23593 | Orc:2    | Found a staircase to the Elven Halls.
 23712 | Orc:2    | Noticed an orc warlord
 23727 | Orc:2    | Killed an orc warlord
 23730 | Orc:2    | Reached XP level 16. HP: 41/126 MP: 12/22
 23857 | Orc:2    | Found a roughly hewn altar of Beogh.
 23868 | Orc:2    | Found Boehukom's Jewellery Shoppe.
 24088 | Orc:2    | Found Tathoun's Antique Weapon Shoppe.
 24273 | Orc:2    | Found Ykles's General Store.
 24287 | Orc:2    | Found Giestrukh's Antique Armour Shoppe.
 24383 | Orc:2    | Bought 2 potions of mutation for 192 gold pieces
 24383 | Orc:2    | Gained mutation: You are partially covered in large bone
                  | plates. (SH +4) [potion of mutation]
 24383 | Orc:2    | Gained mutation: Your body sometimes deteriorates upon
                  | taking damage. [potion of mutation]
 24383 | Orc:2    | Gained mutation: Armour fits poorly on your strangely
                  | shaped body. [potion of mutation]
 24383 | Orc:2    | Gained mutation: You are resistant to hostile enchantments.
                  | (MR+) [potion of mutation]
 24384 | Orc:2    | Lost mutation: You are resistant to hostile enchantments.
                  | (MR+) [potion of mutation]
 24384 | Orc:2    | Lost mutation: Armour fits poorly on your strangely shaped
                  | body. [potion of mutation]
 24384 | Orc:2    | Gained mutation: You are resistant to electric shocks.
                  | (rElec) [potion of mutation]
 24384 | Orc:2    | Gained mutation: Your muscles are strong. (Str +2) [potion
                  | of mutation]
 24385 | Orc:2    | Bought a scroll of enchant weapon for 90 gold pieces
 24718 | Orc:1    | Reached skill level 17 in Axes
 25150 | Snake:1  | Entered Level 1 of the Snake Pit
 26215 | Snake:2  | Noticed Kirke
 26217 | Snake:2  | Noticed a sphinx
 26225 | Snake:2  | Noticed a sphinx
 26230 | Snake:2  | Killed Kirke
 26261 | Snake:2  | Noticed a nagaraja
 26264 | Snake:2  | Killed a nagaraja
 26339 | Snake:2  | Reached skill level 18 in Axes
 26785 | Snake:3  | Reached XP level 17. HP: 135/135 MP: 23/23
 28210 | Snake:4  | Entered Level 4 of the Snake Pit
 28238 | Snake:4  | Reached skill level 19 in Axes
 28718 | Snake:4  | Reached XP level 18. HP: 115/146 MP: 24/24
 29282 | Snake:4  | Identified the +4 hand axe of the Rattle-Snake {holy,
                  | Fragile rElec MR++ Dex+2}
 30384 | Snake:4  | Got a serpentine rune of Zot
 30824 | Elf:1    | Entered Level 1 of the Elven Halls
 30862 | Elf:1    | Reached skill level 10 in Shields
 30941 | Elf:1    | Noticed Frances
 30948 | Elf:1    | Killed Frances
 31545 | Elf:1    | Found Kawedd's Jewellery Boutique.
 31599 | Elf:1    | Bought the brooch of Shielding {Reflect SH+8} for 1169 gold
                  | pieces
 31599 | Elf:1    | Found the brooch of Shielding {Reflect SH+8}
 31923 | Elf:1    | Found Kuampy's One-of-a-Kind Books.
 32481 | Elf:2    | Found a runed translucent gate.
 32481 | Elf:2    | Found an opulent altar of Gozag.
 32482 | Elf:2    | Found a runed translucent gate.
 32482 | Elf:2    | Found a runed translucent gate.
 32620 | Elf:2    | Noticed bmj180's ghost (adept HOFi)
 32648 | Elf:2    | Found Jeogret's Armour Boutique.
 32656 | Elf:2    | Bought a +2 plate armour of magic resistance for 720 gold
                  | pieces
 32786 | Elf:2    | Found a huge runed translucent gate.
 32786 | Elf:2    | Found a huge runed translucent gate.
 32787 | Elf:2    | Found a huge runed translucent gate.
 32798 | Elf:2    | Found a huge runed translucent gate.
 32801 | Elf:2    | Found a huge runed translucent gate.
 32858 | Elf:2    | Reached XP level 19. HP: 117/154 MP: 10/25
 33126 | Elf:2    | Reached skill level 15 in Fighting
 33401 | Elf:2    | Found Zump's Assorted Antiques.
 33635 | Elf:2    | Killed bmj180's ghost
 33880 | Elf:2    | Bought a scroll of enchant weapon for 270 gold pieces
 33908 | Elf:3    | Entered Level 3 of the Elven Halls
 34235 | Elf:3    | Reached skill level 15 in Armour
 34240 | Elf:3    | Noticed a deep elf blademaster
 34246 | Elf:3    | Killed a deep elf blademaster
 34296 | Elf:3    | Reached XP level 20. HP: 55/164 MP: 21/26
 35295 | Elf:3    | Found the +2 ratskin cloak {+Rats rPois rN+ Str-1 Int-1
                  | Dex+1}
 35311 | Elf:3    | Got a wavering ivory ring
 35312 | Elf:3    | Identified the cursed ring "Unycieg" {MR+ AC-2 Int+3 Dex+2}
                  | (You found it on level 3 of the Elven Halls)
 35332 | Elf:3    | Got a twitching amber ring
 35333 | Elf:3    | Identified the ring of Democracy {Fire rElec rN+ Str-3
                  | Int+4} (You found it on level 3 of the Elven Halls)
 35738 | D:13     | Bought a lumpy red potion for 34 gold pieces
 35783 | D:14     | Reached skill level 20 in Axes
 35841 | D:14     | Got a slimy steel ring
 35842 | D:14     | Identified the ring "Wietaq" {-Tele rElec rPois rC+ Slay+3}
                  | (You found it on level 14 of the Dungeon)
 35926 | D:14     | Reached skill level 15 in Shields
 35988 | D:14     | Found a gate to the Vaults.
 36379 | D:15     | Entered Level 15 of the Dungeon
 36901 | D:15     | Found a staircase to the Depths.
 36909 | D:15     | Found an ancient bone altar of Kikubaaqudgha.
 37233 | Vaults:1 | Entered Level 1 of the Vaults
 37323 | Vaults:1 | Noticed Donald
 37331 | Vaults:1 | Killed Donald
 37654 | Vaults:1 | Reached skill level 10 in Invocations
 37656 | Vaults:1 | Reached XP level 21. HP: 174/174 MP: 28/28
 37712 | Vaults:1 | Noticed Asterion
 37729 | Vaults:1 | Killed Asterion
 37865 | Vaults:1 | Noticed Agnes
 37875 | Vaults:1 | Killed Agnes
 38427 | Vaults:2 | Noticed a Brimstone Fiend
 38588 | Vaults:2 | Found a flickering gateway to a bazaar.
 38604 | Bazaar   | Entered a bazaar
 38609 | Bazaar   | Found Gypotori's Book Shop.
 38622 | Bazaar   | Found Paneimoh's Gadget Shop.
 38739 | Vaults:2 | You fall into a shaft and drop 1 floor!
 38832 | Vaults:3 | Found a staircase to the Crypt.
 38832 | Vaults:3 | Found an ancient bone altar of Kikubaaqudgha.
 38833 | Vaults:3 | Found a basalt altar of Yredelemnul.
 38995 | Vaults:3 | Reached skill level 21 in Axes
 39029 | Vaults:3 | Noticed Mara
 39033 | Vaults:3 | Noticed Infinitesimal's illusion
 39062 | Vaults:3 | Noticed Infinitesimal's illusion
 39071 | Vaults:3 | Killed Mara
 39691 | Vaults:3 | Noticed Bai Suzhen
 39699 | Vaults:3 | Killed Bai Suzhen
 39701 | Vaults:3 | Reached XP level 22. HP: 185/185 MP: 30/30
 40674 | Vaults:4 | Noticed Xtahua
 40682 | Vaults:4 | Killed Xtahua
 41868 | Shoals:1 | Entered Level 1 of the Shoals
 42493 | Shoals:1 | Found Yrum's Armour Emporium.
 42513 | Shoals:1 | Bought the +6 plate armour of Miunaan {MR+ Regen+} for 1049
                  | gold pieces
 42689 | Shoals:2 | Reached XP level 23. HP: 194/194 MP: 33/33
 43085 | Shoals:2 | Found Aeokir's Alliterative Accessories.
 43294 | Shoals:3 | Noticed Aizul
 43304 | Shoals:3 | Killed Aizul
 43557 | Shoals:3 | Lost mutation: Your body sometimes deteriorates upon taking
                  | damage. [potion of mutation]
 43557 | Shoals:3 | Lost mutation: You are partially covered in large bone
                  | plates. (SH +4) [potion of mutation]
 43557 | Shoals:3 | Gained mutation: You evolve. [potion of mutation]
 43557 | Shoals:3 | Gained mutation: You possess an exceptional clarity of
                  | mind. [potion of mutation]
 43698 | Shoals:3 | Reached skill level 22 in Axes
 43968 | Shoals:4 | Entered Level 4 of the Shoals
 44147 | Shoals:4 | Noticed Ilsuiw
 44159 | Shoals:4 | Killed Ilsuiw
 44170 | Shoals:4 | HP: 7/196 [satyr/sling bullet (12)]
 44256 | Shoals:4 | Gained mutation: You are partially covered in slimy green
                  | scales. (AC +2) [evolution]
 44591 | Shoals:4 | Got a barnacled rune of Zot
 45381 | Crypt:1  | Entered Level 1 of the Crypt
 45459 | Crypt:1  | Noticed Saint Roka
 45481 | Crypt:1  | Killed Saint Roka
 45836 | Crypt:1  | Reached XP level 24. HP: 204/204 MP: 33/33
 46524 | Crypt:2  | Noticed Margery
 46534 | Crypt:2  | Killed Margery
 47615 | Crypt:2  | Reached skill level 23 in Axes
 47796 | Crypt:3  | Entered Level 3 of the Crypt
 48080 | Crypt:3  | Found a staircase to the Tomb.
 48130 | Crypt:3  | Noticed a curse toe
 48150 | Crypt:3  | Killed a curse toe
 48539 | Crypt:3  | Noticed an ancient lich
 48632 | Crypt:3  | Found a one-way gate to the infinite horrors of the Abyss.
 48951 | Crypt:3  | Noticed an ancient lich
 48968 | Crypt:3  | Killed an ancient lich
 49011 | Crypt:3  | Killed an ancient lich
 49011 | Crypt:3  | Reached XP level 25. HP: 213/213 MP: 33/33
 49035 | Crypt:3  | Identified the ring "Rusox" {rF+ rN+ Int+3} (You found it
                  | on level 3 of the Crypt)
 49036 | Crypt:3  | Identified the amulet of Usuufiwk {+Blink MR+ Regen+ Dex-2}
                  | (You found it on level 3 of the Crypt)
 49037 | Crypt:3  | Identified the ring "Recog" {rN+ Int+2} (You found it on
                  | level 3 of the Crypt)
 49050 | Crypt:3  | Identified the +0 cloak of Vulumobo {Int+5} (You found it
                  | on level 3 of the Crypt)
 49201 | Vaults:5 | Entered Level 5 of the Vaults
 49214 | Vaults:5 | Reached skill level 24 in Axes
 49246 | Vaults:5 | Noticed an ancient lich
 49267 | Vaults:5 | Killed an ancient lich
 49269 | Vaults:5 | Identified the +4 dagger of Piakkip {speed, Int+3}
 49273 | Vaults:5 | Identified the +7 battleaxe of the Fox {chop, rN+ Str+2}
 49279 | Vaults:5 | Slain by a vault guard

Levels and vault maps discovered:
D:1:      kennysheep_arrival_seaside, layout_rooms, serial_rivers,
          chequers_serial_rivers_micro_c, chequers_serial_rivers_room_b,
          chequers_serial_rivers_room_a, chequers_serial_rivers_room_a,
          chequers_serial_rivers_large_a, chequers_serial_rivers_small_3,
          nrook_loot_triangle, minmay_misc_feat_more_columns
D:2:      layout_basic, kennysheep_slug_shrine
D:3:      layout_basic, ebering_dispersal_statue_hall, uniq_ijyb
D:4:      layout_basic, bloody_trog, old_standard_altar, lemuel_round_altar,
          minmay_temple_entry_tees, serial_bayou, serial_bayou_lake_a,
          serial_bayou_shore_b, serial_bayou_lagoon_b, serial_bayou_shore_a,
          st_stairs_12, uniq_crazy_yiuf_cottage
D:5:      layout_basic, lemuel_coloured_pillars_altar, first_ration,
          serial_shops, shop
D:6:      layout_gridville, grunt_temple_overflow_champion_of_chaos,
          serial_shops, nicolae_shop_overgrown_old_shop, minmay_fountain_box,
          hangedman_decor_opposing, uniq_menkaure, uniq_sigmund
D:7:      layout_loops_ring, nemelex_xobeh_ov_fountains_minmay, grunt_ogre_cave,
          nicolae_gozag_seed_capital
D:8:      layout_basic, serial_shops, shop_statue,
          chequers_serial_rivers_micro_b
D:9:      layout_layer_cave, serial_shops, kennysheep_mini_moat
D:10:     layout_basic, basic_altar, uniq_urug
D:11:     layout_rooms, due_lair_maze_entry_diamond,
          ebering_ghost_disaster_area, serial_rivers,
          chequers_serial_rivers_micro_e, chequers_serial_rivers_marsh,
          chequers_serial_rivers_micro_b, chequers_serial_rivers_micro_b,
          chequers_serial_rivers_micro_b, worms_lemuel
D:12:     layout_irregular_city, kennysheep_orc_monster_closet_entryway
D:13:     layout_basic, serial_shops,
          nicolae_shop_temple_entry_statues_fountains, grunt_decor_cap
D:14:     layout_roguey, david_vaults_1, minmay_misc_feat_square
D:15:     gammafunk_depths_entry_grave, layout_basic, grunt_decor_one_mirror,
          basic_altar, statue_in_the_mist_lemuel
Lair:1:   layout_cave_pods, minmay_holes, infiniplex_staircase_pool, uniq_grum,
          uniq_joseph
Lair:2:   lemuel_reptile_caves, layout_gridlike, ebering_ghost_reflecting_pool,
          chequers_serial_rivers_small_b, st_stairs_11, eino_house_with_fridge
Lair:3:   layout_cave_pods, basic_altar, portal_ice_cave_rime,
          grunt_megastairs_2
Lair:4:   layout_roguey, elwin_shoals_entry_rocks, dummy_snake_entry,
          beast_lair_carwin_3, serial_bayou_shore_b, grunt_megastairs_3
Lair:5:   layout_cave_pods, minmay_shattered_shrine, uniq_nessos
Lair:6:   minmay_lair_end_frog_pond, layout_regular_city, slime_altar_1,
          grunt_forest_large_clearings
Shoals:1: layout_shoals, serial_shops, shop, centaur_isle
Shoals:2: layout_shoals, nicolae_alphabet_shops, yaktaur_hedge
Shoals:3: layout_shoals, uniq_aizul
Shoals:4: shoals_end_grunt_garden, layout_shoals, shoal_ilsuiw,
          nicolae_shoals_circle_sea_wall, abandoned_shop
Snake:1:  layout_onion, nicolae_snake_salamander_stairs, lemuel_fruit_tree
Snake:2:  cheibrodos_forgotten_conduit, layout_grid_shapes, uniq_kirke
Snake:3:  layout_basic
Snake:4:  snake_pit, layout_cave_town
Orc:1:    layout_caves, mines_bat_river
Orc:2:    grunt_orc_cross, layout_caves
Elf:1:    layout_loops_corners, serial_shops, nicolae_shop_waterfront,
          evilmike_minifort, nicolae_rare_books, uniq_frances
Elf:2:    layout_geoelf_grid, serial_shops, shop, ebering_ghost_gozag,
          minivault_5
Elf:3:    minmay_elf_hall_statues, layout_geoelf_grid, grunt_ministairs_7,
          billiards_dpeg
Vaults:1: v_pattern_4, v_rooms_1, v_misc_8, nicolae_vaults_sealed_display,
          vaults_standard_mumra_x, vaults_room_stairs_pillars, sword_in_stone,
          ontoclasm_vaults_hangar, ontoclasm_vaults_ring_square,
          ontoclasm_vaults_loading_screen, layout_vaults_big_room, uniq_donald
Vaults:2: ontoclasm_vaults_fault, nicolae_vaults_border_crossing,
          ontoclasm_vaults_twist, ontoclasm_vaults_pinch,
          hangedman_vaults_stream, v_misc_25, vaults_room_door_ring, v_misc_4,
          nicolae_vaults_hallways_thing, grunt_vaults_hallway_short,
          vaults_dpeg_cross, ontoclasm_vaults_decontamination,
          ontoclasm_vaults_loading_screen, ontoclasm_vaults_chip,
          hangedman_vaults_restitches, vaults_room_large_hall,
          layout_vaults_omnicross, serial_shops, bzr_entry_lakeside
Vaults:3: ontoclasm_vaults_bender, grunt_vaults_trifunnel, grunt_vaults_swirl,
          minmay_crypt_entry_necro_gods, ontoclasm_vaults_shuriken, v_misc_31,
          nicolae_vaults_shelves_hall, hangedman_vaults_pinch,
          grunt_vaults_hallway_long, hangedman_vaults_restitches,
          ontoclasm_vaults_gateway, v_alt_pattern_6, layout_vaults_ring,
          uniq_asterion, uniq_mara, uniq_bai_suzhen
Vaults:4: hangedman_vaults_corner, v_misc_1, nicolae_vaults_disjoint_gnomons,
          hangedman_vaults_stagger, nicolae_vaults_circle_grid_a, v_rooms_2,
          grunt_vaults_diagonal, vaults_room_fours, nicolae_vaults_shelves_hall,
          nicolae_vaults_angled_halls, vaults_room_door_ring,
          layout_vaults_maze, uniq_xtahua
Vaults:5
Crypt:1:  layout_misc_corridors, grunt_ministairs_2, st_vampire_maze,
          uniq_saint_roka
Crypt:2:  layout_catacombs, uniq_margery
Crypt:3:  david_glass_crypt, layout_basic, tomb_entry_simple_bobbens,
          minivault_26, lemuel_hellish_altar

Skill      XL: |  1  2  3  4  5  6  7  8  9 10 11 12 13 14 15 16 17 18 19 20 21 22 23 24 25 |
---------------+----------------------------------------------------------------------------+-----
Shields        | 4 5 7 8 9 11 14 15 | 15.0
Axes           | 3 4 5 7 9 10 11 13 14 15 16 18 19 20 21 22 23 24 | 24.6
Armour         | 4 5 6 7 8 9 10 11 12 13 14 15 16 17 18 | 18.2
Fighting       | 4 5 6 7 8 9 10 11 12 14 16 17 18 19 20 21 22 | 22.0
Invocations    | 2 3 4 6 8 10 11 13 14 | 14.0
Throwing       | 1 2 3 5 8 |  8.5
Spellcasting   | 1 4 |  4.4
Conjurations   | 1 4 |  4.1
Fire Magic     | 1 4 |  4.2
Polearms       | 1 |  1.2
Evocations     | |  0.5

Action                   |  1- 3 |  4- 6 |  7- 9 | 10-12 | 13-15 | 16-18 | 19-21 | 22-24 | 25-27 || total
-------------------------+-------+-------+-------+-------+-------+-------+-------+-------+-------++-------
Melee: War axe           |    84 |   171 |    77 |       |       |       |    10 |       |       ||   342
       Battleaxe         |       |       |   116 |   347 |   633 |   759 |   744 |   519 |    67 ||  3185
       Spear             |       |       |       |       |    32 |       |       |       |       ||    32
       Executioner's axe |       |       |       |       |       |       |     5 |   432 |     3 ||   440
Throw: Dart              |       |     3 |    23 |    29 |   248 |    50 |    10 |       |       ||   363
       Javelin           |       |       |     5 |     5 |    41 |     3 |     3 |       |     5 ||    62
       Boomerang         |       |       |       |     3 |    68 |    67 |     5 |    55 |       ||   198
       Throwing net      |       |       |       |       |     1 |       |       |       |       ||     1
Invok: Bend Time         |       |       |       |     1 |     2 |       |       |       |       ||     3
       Slouch            |       |       |       |     2 |     3 |     5 |    14 |     3 |     3 ||    30
 Abil: Dig               |       |       |     1 |     2 |     1 |    14 |     3 |     1 |       ||    22
Evoke: Wand              |       |       |       |       |     3 |       |       |     2 |       ||     5
  Use: Scroll            |       |     7 |     1 |     7 |    20 |     5 |    17 |     2 |     5 ||    64
       Potion            |       |     1 |     1 |     1 |       |     4 |     7 |     3 |     1 ||    18
 Stab: Held in net/web   |       |       |       |       |     1 |       |       |       |       ||     1
       Distracted        |       |       |       |       |       |     1 |     1 |     1 |       ||     3
  Eat: Chunk             |     2 |     6 |     6 |    12 |    18 |     9 |    14 |    13 |       ||    80
       Ration            |       |       |       |       |       |     3 |       |     3 |       ||     6
Armor: Chain mail        |    42 |    84 |    11 |       |   200 |   161 |       |       |       ||   498
       Plate armour      |       |       |   101 |   173 |    41 |    27 |   113 |    67 |       ||   522
       Storm dragon scal |       |       |       |       |       |       |       |    42 |       ||    42
       Crystal plate arm |       |       |       |       |       |       |       |   137 |   155 ||   292
Dodge: Dodged            |    17 |    31 |    27 |    91 |   165 |   111 |    57 |   113 |    59 ||   671
Block: Shield            |    47 |    99 |   106 |   262 |   501 |   403 |       |       |       ||  1418
       Large shield      |       |       |       |       |       |   263 |   778 |  1220 |   281 ||  2542
       Reflection        |       |       |       |       |       |     6 |   101 |   165 |     7 ||   279

Table legend:
 A = Non-vault XP
 B = Vault XP
 C = Vault XP percentage of total XP
 D = Non-vault monster count
 E = Vault monster count
 F = Vault count percentage of total count
                 A         B        C        D         E       F
            +---------+---------+-------+---------+---------+-------
      Total |  491542 |  426781 |  46.5 |    1160 |     620 |  34.8
            +---------+---------+-------+---------+---------+-------
        D:1 |      33 |       0 |   0.0 |      17 |       0 |   0.0
        D:2 |      36 |       4 |  10.0 |      15 |       1 |   6.2
        D:3 |      84 |      36 |  30.0 |      16 |       1 |   5.9
        D:4 |     238 |      42 |  15.0 |       9 |       2 |  18.2
        D:5 |     153 |       0 |   0.0 |       9 |       0 |   0.0
        D:6 |    1154 |     461 |  28.5 |      29 |       3 |   9.4
        D:7 |     268 |     125 |  31.8 |       6 |       1 |  14.3
        D:8 |     943 |       0 |   0.0 |      17 |       0 |   0.0
        D:9 |    1571 |       0 |   0.0 |      16 |       0 |   0.0
       D:10 |    2420 |     863 |  26.3 |      26 |       1 |   3.7
       D:11 |    5492 |    2532 |  31.6 |      34 |      14 |  29.2
       D:12 |    3055 |    1551 |  33.7 |      26 |      20 |  43.5
       D:13 |    9906 |       0 |   0.0 |      30 |       0 |   0.0
       D:14 |   18688 |    1472 |   7.3 |      50 |       3 |   5.7
       D:15 |   12632 |    4480 |  26.2 |      35 |       8 |  18.6
     Lair:1 |    2559 |     880 |  25.6 |      11 |       4 |  26.7
     Lair:2 |    3543 |    5172 |  59.3 |      19 |      47 |  71.2
     Lair:3 |    5520 |    1421 |  20.5 |      30 |       5 |  14.3
     Lair:4 |    4318 |    2182 |  33.6 |      18 |       9 |  33.3
     Lair:5 |    6060 |    8167 |  57.4 |      27 |      14 |  34.1
     Lair:6 |   12917 |   14913 |  53.6 |      39 |      76 |  66.1
   Shoals:1 |   13782 |    1452 |   9.5 |      29 |       6 |  17.1
   Shoals:2 |   11340 |     389 |   3.3 |      27 |       1 |   3.6
   Shoals:3 |   12148 |    1713 |  12.4 |      25 |       1 |   3.8
   Shoals:4 |   14977 |   23810 |  61.4 |      29 |      36 |  55.4
    Snake:1 |   14795 |     542 |   3.5 |      29 |       1 |   3.3
    Snake:2 |   16014 |    6531 |  29.0 |      27 |      13 |  32.5
    Snake:3 |   29924 |       0 |   0.0 |      62 |       0 |   0.0
    Snake:4 |   16805 |   26537 |  61.2 |      34 |      43 |  55.8
      Orc:1 |    2281 |      17 |   0.7 |      13 |       7 |  35.0
      Orc:2 |    2489 |    7333 |  74.7 |      33 |      34 |  50.7
      Elf:1 |   10261 |    9471 |  48.0 |      18 |      13 |  41.9
      Elf:2 |   17024 |   26533 |  60.9 |      27 |      36 |  57.1
      Elf:3 |   20330 |   47631 |  70.1 |      34 |      34 |  50.0
   Vaults:1 |   27342 |   13508 |  33.1 |      48 |      12 |  20.0
   Vaults:2 |   19307 |    7943 |  29.1 |      27 |       9 |  25.0
   Vaults:3 |   12987 |   40198 |  75.6 |      18 |      32 |  64.0
   Vaults:4 |   34543 |   30226 |  46.7 |      43 |      28 |  39.4
   Vaults:5 |   39243 |   60809 |  60.8 |      44 |      43 |  49.4
    Crypt:1 |   37900 |   19586 |  34.1 |      45 |      24 |  34.8
    Crypt:2 |   14818 |    9992 |  40.3 |      30 |       8 |  21.1
    Crypt:3 |   31642 |   45065 |  58.7 |      39 |      19 |  32.8
      IceCv |       0 |    3194 | 100.0 |       0 |      11 | 100.0
            +---------+---------+-------+---------+---------+-------
